 Dungeon Crawl Stone Soup version 0.19-a0-1442-g3b32ff5 (webtiles) character file.

305 junb69 the Stinger (level 6, 0/45 HPs)
             Began as a Draconian Venom Mage on Sept 5, 2016.
             Slain by a wyvern skeleton (11 damage)
             ... on level 4 of the Dungeon.
             The game lasted 00:12:14 (3611 turns).

junb69 the Stinger (Draconian Venom Mage)           Turns: 3611, Time: 00:12:15

Health: 0/45       AC:  9    Str: 11    XL:     6   Next: 15%
Magic:  17/19      EV: 12    Int: 17    God:
Gold:   74         SH:  0    Dex: 11    Spells: 2 memorised, 6 levels left

rFire  . . .     SeeInvis .     f - +0 dagger
rCold  . . .     Gourm    .     (armour unavailable)
rNeg   . . .     Faith    .     (no shield)
rPois  .         Spirit   .     (helmet restricted)
rElec  .         Dismiss  .     (no cloak)
rCorr  .         Reflect  .     h - +1 pair of gloves
MR     .....     Harm     .     g - +0 pair of boots
Stlth  ++........               (no amulet)
                                (no ring)
                                d - ring of magical power

@: no status effects
A: unfitting armour, cold-blooded, AC +6
a: no special abilities


You were on level 4 of the Dungeon.
You were not hungry.

You visited 1 branch of the dungeon, and saw 4 of its levels.

You collected 200 gold pieces.
You spent 126 gold pieces at shops.

Inventory:

Hand Weapons
 f - a +0 dagger (weapon)
Missiles
 m - 3 javelins (quivered)
Armour
 g - a +0 pair of boots (worn)
 h - a +1 pair of gloves (worn)
Jewellery
 d - a ring of magical power (left hand)
 u - an uncursed amulet of faith {unknown}
Wands
 s - a wand of flame (12/48)
Scrolls
 c - 4 scrolls of remove curse
 e - a scroll of teleportation
 o - a scroll of identify
Potions
 k - 4 potions of curing
 p - a potion of flight {unknown}
 r - a potion of degeneration {unknown}
 t - a potion of lignification {unknown}
 w - a potion of haste {unknown}
Books
 a - a Young Poisoner's Handbook

   Spells                             Type                      Level
   a - Sting                          Conjuration/Poison           1
   b - Mephitic Cloud                 Conjuration/Poison/Air       3
   c - Olgreb's Toxic Radiance        Poison                       4
   d - Alistair's Intoxication        Transmutation/Poison         5
   e - Venom Bolt                     Conjuration/Poison           5
Comestibles
 b - 3 bread rations
 i - a meat ration
 j - 8 fruits
 l - a beef jerky
 n - a royal jelly
 q - 2 slices of pizza
 v - a chunk of flesh


   Skills:
 - Level 1.7 Dodging
 - Level 1.7 Stealth
 - Level 2.7 Spellcasting
 * Level 3.6 Conjurations
 * Level 5.9 Poison Magic


You had 6 spell levels left.
You knew the following spells:

 Your Spells              Type           Power        Failure   Level  Hunger
a - Sting                 Conj/Pois      ###.         2%          1    #......
b - Mephitic Cloud        Conj/Pois/Air  ##......     17%         3    ###....


Dungeon Overview and Level Annotations

Branches:
Dungeon (4/15)
 Temple: D:4-7

Altars:
Makhleb
Yredelemnul

Shops:
D:4 *=


Innate Abilities, Weirdness & Mutations

Your plain brown scales are hard. (AC +6)
Your body does not fit into most forms of armour.
You are cold-blooded and may be slowed by cold attacks.


Message History

You see here 19 arrows.
A wyvern skeleton comes into view.
A giant newt comes into view.
The giant newt hisses angrily.
You hit the wyvern skeleton.
The wyvern skeleton is lightly damaged.
The wyvern skeleton barely misses you. The wyvern skeleton bites you!
The wyvern skeleton bites you but does no damage.
You see here 19 arrows.
You see here 15 stones.
The wyvern skeleton bites you!
You hear the brisk hiss of a very distant avalanche of sand.
The wyvern skeleton bites you! The wyvern skeleton barely misses you.
The wyvern skeleton completely misses you.
The wyvern skeleton bites you.
* * * LOW HITPOINT WARNING * * *
The wyvern skeleton bites you!
You die...

###########
#.<...>....
#.###.#.##.
##@##....# #.Z......#
# #..##....##.#
#.l.........#
#..#.....####
#........########
#####........##.....#
............(##.....#
....................#


You could see a giant newt and a wyvern skeleton.

Vanquished Creatures
  2 ogres (D:4)
  Robin (D:3)
  4 adders
  2 worms
  3 dart slugs
  3 giant geckos
  3 orcs
  15 bats
  4 giant cockroaches
  9 goblins
  13 hobgoblins
  2 giant newts (D:3)
  3 kobolds
  6 rats
70 creatures vanquished.

Notes
Turn   | Place    | Note
-------+----------+-------------------------------------------
     0 | D:1      | junb69 the Draconian Venom Mage began the quest for the Orb.
     0 | D:1      | Reached XP level 1. HP: 14/14 MP: 3/3
   428 | D:1      | Reached XP level 2. HP: 20/20 MP: 3/5
  1303 | D:2      | Found a burning altar of Makhleb.
  1303 | D:2      | Noticed an Executioner
  1449 | D:2      | Reached XP level 3. HP: 12/26 MP: 0/7
  1627 | D:2      | Learned a level 3 spell: Mephitic Cloud
  1760 | D:2      | Found a basalt altar of Yredelemnul.
  1916 | D:2      | Reached skill level 1 in Conjurations
  2280 | D:3      | Reached XP level 4. HP: 31/33 MP: 6/8
  2301 | D:3      | Noticed Robin
  2448 | D:2      | Reached skill level 5 in Poison Magic
  2550 | D:3      | Killed Robin
  3298 | D:4      | Noticed an ogre
  3311 | D:4      | Killed an ogre
  3311 | D:4      | Reached XP level 5. HP: 38/38 MP: 2/9
  3412 | D:4      | Found Qujisty's General Store.
  3416 | D:4      | Bought a scroll of identify for 28 gold pieces
  3416 | D:4      | Bought a wand of flame (12/48) for 98 gold pieces
  3430 | D:4      | Found Qawapran's Jewellery Shoppe.
  3469 | D:4      | Noticed an ogre
  3489 | D:4      | Killed an ogre
  3489 | D:4      | Reached XP level 6. HP: 42/45 MP: 5/10
  3611 | D:4      | Slain by a wyvern skeleton

Vault maps used:
D:1:      dpeg_arrival_central
D:2:      overflow_temple_1_default, makhleb_altar_promises_db
D:3:      minmay_misc_feat_tiny, bh_walls_and_bars, uniq_robin
D:4:      serial_shops, shop, shop_statue, kennysheep_mini_moat, shop,
          nicolae_shop_trees, first_bread, enter_ossuary_3

Skill      XL: |  1  2  3  4 |
---------------+-------------+-----
Conjurations   | 1 3 |  3.6
Poison Magic   | 5 |  5.9
Dodging        | |  1.7
Stealth        | |  1.7
Spellcasting   | |  2.7

Action                   |  1- 3 |  4- 6 || total
-------------------------+-------+-------++-------
Melee: Unarmed           |     8 |       ||     8
       Dagger            |    23 |    39 ||    62
       Tailslap          |     5 |     3 ||     8
 Cast: Sting             |    69 |    85 ||   154
       Mephitic Cloud    |       |     4 ||     4
  Use: Potion            |     2 |       ||     2
       Scroll            |       |     6 ||     6
  Eat: Chunk             |     5 |     5 ||    10
Armor: Skin              |    21 |    22 ||    43
Dodge: Dodged            |    29 |    55 ||    84
